AoeStats
← TheQuietRiot

Enclosed

504747981Analyzed
1v1 RM · 26d ago on Sep 6, 2026· 26m 19s· 2 players
Game mode
Random Map
Map size
Tiny (2 player)
Population
200
Speed
Normal
Resources
Standard
Victory
Conquest
Starting age
Dark Age
Ending age
Imperial Age
RankedLock teamsTeams togetherTeam positionsShared explorationLock speedFull tech treeHidden civsTurbo modeCheats
Victory
Defeat
🇪🇸 Malay · Spain
969
+15
🇬🇧 Britons · United Kingdom
944
-15
TheQuietRiot
9:51 Feudal Age
8:08 Loom
12:59 Double-Bit Axe
14:39 Fletching
17:09 Horse Collar
19:18 Wheelbarrow
21:03 Castle Age
19:31 Gold Mining
19:32 Stone Mining
21:44 Wheelbarrow
22:00 Crossbowman
23:20 Gold Shaft Mining
rey troll
12:56 Feudal Age
12:57 Double-Bit Axe
14:37 Horse Collar
16:08 Gold Mining
19:31 Castle Age
21:49 Heavy Plow
24:05 Husbandry
Connection lost

Rejoining the realm…

Still unreachable

The connection could not be restored.

Session expired

The server has moved on; the page needs a fresh start.